 Dungeon Sprint DCSS version 0.21-a0-272-g984ae92 (webtiles) character file.

236 Kidiri the Covert (level 5, -5/27 HPs)
             Began as a Spriggan Enchanter on Sept 15, 2017.
             Was a Follower of Dithmenos.
             Slain by a spriggan
             ... wielding a +0 rapier
              (16 damage)
             ... in the Dungeon (Sprint IV: "Fedhas' Mad Dash").
             The game lasted 00:01:44 (475 turns).

Kidiri the Covert (Spriggan Enchanter)               Turns: 475, Time: 00:01:44

Health: -5/27      AC:  2    Str:  4    XL:     5   Next: 77%
Magic:  1/14       EV: 23    Int: 16    God:    Dithmenos [*.....]
Gold:   48         SH:  0    Dex: 18    Spells: 4/16 levels left

rFire    . . .     SeeInvis +   a - +1 dagger
rCold    . . .     Gourm    .   (shield restricted)
rNeg     . . .     Faith    .   b - +0 robe
rPois    .         Spirit   .   (helmet restricted)
rElec    .         Reflect  .   (no cloak)
rCorr    .         Harm     .   (gloves unavailable)
MR       .....     NoTele   +   (boots unavailable)
Stlth    +++++.....             k - amulet of invisibility {+Inv}
HPRegen  0.09/turn              (no ring)
MPRegen  0.14/turn              (no ring)

@: lethally poisoned (-5 -> -12), very slightly contaminated, wreathed by umbra,
invisible (expiring), very quick
A: unfitting armour, see invisible, herbivore 3, speed 3, slow metabolism 2
a: Renounce Religion


You were in the Dungeon.
You worshipped Dithmenos.
Dithmenos was aware of your devotion.
You were not hungry.

You visited 1 branch You collected 48 gold pieces.

Inventory:

Hand Weapons
 a - a +1 dagger (weapon)
Armour
 b - a +0 robe (worn)
Jewellery
 k - the amulet of invisibility (around neck) {+Inv}
   (You found it in the Dungeon)

   [amulet of nothing]

   It lets you turn invisible.
Scrolls
 j - a scroll of blinking
 l - a scroll of random uselessness {unknown}
 m - a scroll of enchant armour {unknown}
 n - a scroll of magic mapping {unknown}
 o - a scroll of holy word {unknown}
Potions
 e - a potion of curing
 f - a potion of heal wounds
 g - a potion of haste
 h - 2 potions of magic
 i - a potion of berserk rage
Books
 c - a book of Maledictions

   Spells                             Type                      Level
   a - Corona                         Hexes                        1
   b - Ensorcelled Hibernation        Hexes/Ice                    2
   c - Confuse                        Hexes                        3
   d - Tukima's Dance                 Hexes                        3
   e - Dazzling Spray                 Conjuration/Hexes            3
Comestibles
 d - a bread ration


   Skills:
 + Level 2.5 Fighting
 * Level 5.3 Short Blades
 + Level 2.3 Armour
 * Level 7.4 Dodging
 * Level 8.9 Stealth
 * Level 6.3 Spellcasting
 + Level 1.3 Conjurations
 + Level 5.6 Hexes
 + Level 2.0 Ice Magic


You had 4 spell levels left.
You knew the following spells:

 Your Spells              Type           Power        Failure   Level  Hunger
a - Corona                Hex            ###....      1%          1    None
b - Ensorcelled Hibernat  Hex/Ice        ###...       4%          2    None
c - Confuse               Hex            ###.....     4%          3    ##.....
d - Tukima's Dance        Hex            ###.....     4%          3    ##.....
e - Dazzling Spray        Conj/Hex       ###...       10%         3    ##.....


Dungeon Overview and Level Annotations

Branches:
Dungeon (1/1)

Altars:
Cheibriados
Dithmenos
Elyvilon
Gozag
Hepliaklqana
Kikubaaqudgha
Makhleb
Nemelex Xobeh
Okawaru
Qazlal
Ru
Sif Muna
Trog
Uskayaw
Vehumet
Wu Jian
Xom
Yredelemnul
Zin
The Shining One
Beogh
Jiyva
Lugonu


Innate Abilities, Weirdness & Mutations

You are very small and have problems with some larger weapons.
You are too small for most types of armour.
You have supernaturally acute eyesight. (SInv)
You are a herbivore.
You cover ground extremely quickly.
You need consume almost no food.


Message History

Press: ? - help, Shift-Dir - straight line, f/p - spriggan
Aim: a spriggan, wielding a rapier and wearing a robe (umbra, chance to defeat MR: 20%)
The spriggan resists with almost no effort.
You flicker for a moment.
You feel sick.
Casting: Confuse
Confirm with . or Enter, or press ? or * to list all spells.
Aiming: Dazzling Spray
Press: ? - help, Shift-Dir - straight line, f/p - spriggan
Aim: a spriggan, wielding a rapier and wearing a robe (umbra)
The spray of energy hits the spriggan.
The spriggan is severely wounded.
The spriggan is dazzled.
The spriggan closely misses you.
You are too injured to fight recklessly!
You are too injured to fight recklessly!
You closely miss the spriggan.
The spriggan is severely wounded.
You feel sick. The spriggan hits you with a rapier!
Ouch! That really hurt!
You die...

#####################
.⌠._._._._.⌠.#..@)..#
.._._._._._..'..#i.$#
..._._._._...#..###+#
.._._._._._..#..#
._._._._._.⌠.####
##############


You could see a spriggan (blind).

Vanquished Creatures
  A scorpion (D)
  4 oklob saplings (D)
  A worker ant (D)
  A spriggan (D)
  A river rat (D)
  A rat (D)
9 creatures vanquished.

Notes
Turn   | Place    | Note
-------+----------+-------------------------------------------
     0 | D        | Kidiri the Spriggan Enchanter began the quest for the Orb.
     0 | D        | Reached XP level 1. HP: 9/9 MP: 5/5
     8 | D        | Reached skill level 5 in Stealth
     8 | D        | Reached XP level 2. HP: 14/14 MP: 7/7
    17 | D        | Learned a level 2 spell: Ensorcelled Hibernation
    22 | D        | Noticed an oklob sapling
    23 | D        | Killed an oklob sapling
    23 | D        | Reached skill level 1 in Fighting
    23 | D        | Reached skill level 1 in Armour
    23 | D        | Reached skill level 6 in Stealth
    23 | D        | Reached XP level 3. HP: 18/18 MP: 7/9
    28 | D        | Learned a level 3 spell: Confuse
    32 | D        | Learned a level 3 spell: Tukima's Dance
    44 | D        | Found the amulet of invisibility {+Inv}
    46 | D        | Reached skill level 5 in Dodging
    71 | D        | Noticed an oklob sapling
    74 | D        | Killed an oklob sapling
    74 | D        | Reached skill level 7 in Stealth
    74 | D        | Reached XP level 4. HP: 23/23 MP: 7/11
    79 | D        | Learned a level 3 spell: Dazzling Spray
   192 | D        | Found an opulent altar of Gozag.
   192 | D        | Found a hazy altar of Hepliaklqana.
   192 | D        | Found a roughly hewn altar of Beogh.
   192 | D        | Found a snail-covered altar of Cheibriados.
   193 | D        | Found a viscous altar of Jiyva.
   193 | D        | Found a burning altar of Makhleb.
   193 | D        | Found a sparkling altar of Nemelex Xobeh.
   193 | D        | Found a sacrificial altar of Ru.
   193 | D        | Found a deep blue altar of Sif Muna.
   193 | D        | Found a bloodstained altar of Trog.
   193 | D        | Found an ornate altar of the Wu Jian Council.
   193 | D        | Found a shimmering altar of Xom.
   193 | D        | Found a basalt altar of Yredelemnul.
   194 | D        | Found an iron altar of Okawaru.
   194 | D        | Found a shadowy altar of Dithmenos.
   194 | D        | Found a glowing silver altar of Zin.
   195 | D        | Found an ancient bone altar of Kikubaaqudgha.
   195 | D        | Found a hide-covered altar of Uskayaw.
   196 | D        | Found a stormy altar of Qazlal.
   196 | D        | Found a white marble altar of Elyvilon.
   196 | D        | Found a glowing golden altar of the Shining One.
   197 | D        | Found a corrupted altar of Lugonu.
   197 | D        | Found a radiant altar of Vehumet.
   202 | D        | Became a worshipper of Dithmenos the Shadowed
   204 | D        | Reached skill level 5 in Spellcasting
   204 | D        | Reached skill level 5 in Hexes
   204 | D        | Reached skill level 1 in Ice Magic
   351 | D        | Reached skill level 8 in Stealth
   351 | D        | Reached skill level 1 in Conjurations
   351 | D        | Reached XP level 5. HP: 26/26 MP: 11/14
   471 | D        | Reached * piety under Dithmenos
   472 | D        | Reached skill level 5 in Short Blades
   475 | D        | Slain by a spriggan

Vault maps used:
D:        dungeon_sprint_fedhas

Skill      XL: |  1  2  3  4  5 |
---------------+----------------+-----
Stealth        | 5 6 7 8 |  8.9
Spellcasting   | 3 4 5 6 |  6.3
Hexes          | 4 5 |  5.6
Fighting       | 1 2 |  2.5
Short Blades   | 2 3 4 5 |  5.3
Armour         | 1 2 |  2.3
Dodging        | 4 5 6 7 |  7.4
Ice Magic      | 1 2 |  2.0
Conjurations   | 1 |  1.3

Action                   |  1- 3 |  4- 6 || total
-------------------------+-------+-------++-------
Melee: Dagger            |     5 |     9 ||    14
 Cast: Ensorcelled Hiber |     1 |       ||     1
       Dazzling Spray    |       |     3 ||     3
       Confuse           |       |     1 ||     1
 Abil: Evoke Invisibilit |     1 |     3 ||     4
 Stab: Sleeping          |     5 |     2 ||     7
       Invisible         |       |     2 ||     2
Dodge: Dodged            |     1 |    12 ||    13

Table legend:
 A = Spawn XP
 B = Non-spawn XP
 C = Spawn XP percentage of total XP
 D = Spawn monster count
 E = Non-spawn monster count
 F = Spawn count percentage of total count
 G = Total turns spent on level
                    A         B        C        D         E        F      G
               +---------+---------+-------+---------+---------+-------+---------
         Total |       0 |     338 |   0.0 |       0 |       9 |   0.0 |   475
               +---------+---------+-------+---------+---------+-------+---------
             D |       0 |     338 |   0.0 |       0 |       9 |   0.0 |   475
               +---------+---------+-------+---------+---------+-------+---------
